 Dungeon Crawl Stone Soup version 0.19-a0-559-ga3d69d0 (webtiles) character file.

44 tyrsky the Gusty (level 3, -1/19 HPs)
             Began as a Tengu Air Elementalist on June 8, 2016.
             Slain by an adder (3 damage)
             ... on level 3 of the Dungeon.
             The game lasted 00:03:57 (650 turns).

tyrsky the Gusty (Tengu Air Elementalist)            Turns: 650, Time: 00:03:58

Health: -1/19      AC:  2    Str:  8    XL:     3   Next: 62%
Magic:  0/7        EV: 12    Int: 16    God:
Gold:   21         SH:  0    Dex: 14    Spells: 3 memorised, 1 level left

rFire  . . .     SeeInvis .     g - +0 mace
rCold  . . .     Gourm    .     a - +0 robe
rNeg   . . .     Faith    .     (no shield)
rPois  .         Spirit   .     (helmet restricted)
rElec  .         Dismiss  .     (no cloak)
rCorr  .         Reflect  .     (no gloves)
SustAt .         Harm     .     (boots unavailable)
MR     .....                    (no amulet)
Stlth  ++........               (no ring)
                                (no ring)

@: lethally poisoned (-1 -> -6), repel missiles, not resistant to hostile
enchantments, unstealthy
A: beak, talons 3
a: no special abilities


You were on level 3 of the Dungeon.
You were not hungry.

You visited 1 branch of the dungeon, and saw 3 of its levels.

You collected 21 gold pieces.

Inventory:

Hand Weapons
 g - a +0 mace (weapon)
Armour
 a - a +0 robe (worn)
Scrolls
 f - a scroll of remove curse {unknown}
Potions
 d - a potion of berserk rage {unknown}
 e - a potion of degeneration {unknown}
 h - a potion of might {unknown}
 i - a potion of resistance {unknown}
Books
 b - a book of Air

   Spells                             Type                      Level
   a - Shock                          Conjuration/Air              1
   b - Swiftness                      Charms/Air                   2
   c - Repel Missiles                 Charms/Air                   2
   d - Static Discharge               Conjuration/Air              3
   e - Lightning Bolt                 Conjuration/Air              5
Comestibles
 c - 2 bread rations


   Skills:
 - Level 2.1 Dodging
 - Level 2.0 Stealth
 + Level 2.2 Spellcasting
 + Level 2.9 Conjurations
 + Level 5.0 Air Magic


You had one spell level left.
You knew the following spells:

 Your Spells              Type           Power        Failure   Level  Hunger
a - Shock                 Conj/Air       ##..         4%          1    #......
b - Repel Missiles        Chrm/Air       #.....       12%         2    ###....
c - Swiftness             Chrm/Air       #.......     12%         2    ###....


Dungeon Overview and Level Annotations

Branches:
Dungeon (3/15)

Altars:
Ru


Innate Abilities, Weirdness & Mutations

You have a beak for a mouth.
You have claws for feet.


Message History

* * * LOW HITPOINT WARNING * * *
Casting: Shock
Confirm with . or Enter, or press ? or * to list all spells.
You don't have enough magic to cast that spell.
You closely miss the adder. You peck the adder.
The adder is almost dead.
* * * LOW HITPOINT WARNING * * *
You feel sick. The adder bites you but does no damage. The adder bites you.
* * * LOW HITPOINT WARNING * * *
Casting: Shock
Confirm with . or Enter, or press ? or * to list all spells.
You don't have enough magic to cast that spell.
Casting: Shock
Confirm with . or Enter, or press ? or * to list all spells.
You don't have enough magic to cast that spell.
You completely miss the adder.
The adder is almost dead.
* * * LOW HITPOINT WARNING * * *
You feel sick. The adder bites you.
You die...

#..............
#..............
#........†.....
#.............(
#.............. .
###....†......... ...
#................
.....###.#..............
.>.....QS...............
##.....####.......(.....
##...## #.............
#... . #.............
+#...#. ##.............
###.....###..............
.............)...........
.....♣..................
.......................


You could see an adder.

Vanquished Creatures
  An adder (D:2)
  An ooze (D:2)
  A worm (D:3)
  A dart slug (D:3)
  A giant gecko (D:1)
  2 giant cockroaches (D:1)
  3 goblins
  2 hobgoblins (D:1)
  2 kobolds
  A quokka (D:3)
  4 bats
  2 giant newts
  4 rats
25 creatures vanquished.

Notes
Turn   | Place    | Note
--------------------------------------------------------------
     0 | D:1      | tyrsky the Tengu Air Elementalist began the quest for the Orb.
     0 | D:1      | Reached XP level 1. HP: 10/10 MP: 4/4
   167 | D:1      | Reached XP level 2. HP: 15/15 MP: 3/6
   173 | D:1      | Learned a level 2 spell: Repel Missiles
   341 | D:2      | Found a sacrificial altar of Ru.
   366 | D:2      | Reached XP level 3. HP: 19/19 MP: 3/7
   514 | D:3      | Reached skill level 5 in Air Magic
   519 | D:3      | Learned a level 2 spell: Swiftness
   650 | D:3      | Slain by an adder

Vault maps used:
D:1:      saegor_arrival_simple_e, st_stairs_5, minivault_19,
          evilmike_ruin_ashenzari
D:2:      nicolae_overflow_hidden_temple, overflow_temple_1_default,
          cheibriados_altar_1, first_bread, nicolae_ru_great_annihilating_truth,
          uniq_terence
D:3:      grunt_ministairs_6, uniq_crazy_yiuf_cottage

Skill      XL: |  1  2  3 |
---------------+----------+-----
Conjurations   | 2 |  2.9
Air Magic      | 5 |  5.0
Dodging        | |  2.1
Stealth        | |  2.0
Spellcasting   | |  2.2

Action                   || total
-------------------------++-------
Melee: Unarmed           ||     6
       Peck              ||     3
       Kick              ||     1
       Mace              ||    10
 Cast: Shock             ||    54
       Repel Missiles    ||     1
Armor: Robe              ||     6
Dodge: Dodged            ||    25
